 Dungeon Crawl Stone Soup version 0.28.0-53-g5a82cb258f (webtiles) character file.

Game seed: 4541340389864708566

46 Peloso the Skirmisher (level 3, -2/73 HPs)
             Began as a Minotaur Fighter on July 27, 2022.
             Succumbed to Jessica's poison
             ... on level 3 of the Dungeon.
             The game lasted 00:02:28 (1472 turns).

Peloso the Skirmisher (Minotaur Fighter)            Turns: 1472, Time: 00:02:28

Health: -2/73      AC: 21    Str: 20    XL:     3   Next: 44%
Magic:  2/2        EV:  2    Int:  5    God:
Gold:   10         SH:  0    Dex: 11    Spells: 2/2 levels left

rFire   . . .      SeeInvis .   a - +0 long sword
rCold   . . .      Faith    .   c - +0 buckler
rNeg    . . .      Spirit   .   (armour currently unavailable)
rPois   +          Reflect  .   (helmet currently unavailable)
rElec   .          Harm     .   (cloak currently unavailable)
rCorr   .          Rampage  .   (gloves currently unavailable)
Will    .....      NoTele   +   (boots currently unavailable)
Stlth   ..........              (no amulet)
HPRegen 0.22/turn               (no ring)
MPRegen 0.08/turn               (no ring)

@: confused, berserking, lethally poisoned (-2 -> -33), tree-form,
ambrosia-drunk, very quick
A: stationary, stasis, torment immunity, boosted hp, (horns 2), (retaliatory
headbutt)
a: no special abilities


You were on level 3 of the Dungeon.
You were a tree.
You visited 1 branch of the dungeon, and saw 3 of its levels.

You collected 10 gold pieces.

Inventory:

Hand Weapons
 a - a +0 long sword (weapon)
Armour
 b - a +0 scale mail
 c - a +0 buckler (worn)
 k - a +0 chain mail
 m - a +0 plate armour (melded)
Jewellery
 f - an amulet of magic regeneration
 q - a +6 ring of dexterity
Scrolls
 g - 2 scrolls of enchant armour {unknown}
 i - 4 scrolls of identify {unknown}
 l - 3 scrolls of enchant weapon {unknown}
 n - a scroll of fear {unknown}
 o - a scroll of teleportation {unknown}
 p - a scroll of amnesia {unknown}
Potions
 d - a potion of might
 h - a potion of lignification


   Skills:
 + Level 4.2 Fighting
 + Level 3.2 Long Blades
 + Level 4.1 Armour
 + Level 0.2 Dodging
 + Level 4.0 Shields


You had 2 spell levels left.
You didn't know any spells.
Your spell library was empty.

Dungeon Overview and Level Annotations

Branches:
Dungeon (3/15)

Altars:

Annotations:
D:2 Sigmund
D:3 Jessica


Innate Abilities, Weirdness & Mutations

You are a tree.
Your roots penetrate the ground, keeping you stationary.
You cannot be teleported.
You are immune to unholy pain and torment.
Your maximum health is greatly increased.
Your equipment is partially melded.
((You have a pair of horns on your head.))
((You reflexively headbutt those who attack you in melee.))


Message History

You hit Jessica.
Jessica is lightly wounded.
You feel very sick. Jessica hits you but does no damage.
You are lethally poisoned!
Jessica hits you but does no damage.
You are more poisoned.
It was a potion of lignification.
You turn into a tree.
Your +0 plate armour melds into your body.
Your roots penetrate the ground.
You feel very sick. Jessica hits you but does no damage.
You are more poisoned.
It was a potion of ambrosia.
You are confused.
You feel invigorated.
* * * LOW HITPOINT WARNING * * *
You feel very sick. Jessica hits you but does no damage.
You are more poisoned.
Jessica hits you but does no damage.
You are more poisoned.
You cannot move. (Use ctrl+direction or * direction to attack without moving.) Unknown command.
You cannot move. (Use ctrl+direction or * direction to attack without moving.) Unknown command.
You cannot move. (Use ctrl+direction or * direction to attack without moving.) Unknown command.
You cannot move. (Use ctrl+direction or * direction to attack without moving.) Unknown command.
You attack the rock wall.
* * * LOW HITPOINT WARNING * * *
You feel extremely sick. Jessica hits you but does no damage.
Jessica hits you with a +4 dagger of venom.
* * * LOW HITPOINT WARNING * * *
It was a potion of berserk rage.
A red film seems to cover your vision as you go berserk!
You feel yourself moving faster!
You feel mighty!
You die...

###....#
#.#######...#..#
#..........##..#
######.###.##..#
########.# #.....#
.........###.###.###
########............
###.#@##### #.#♣#
######.#.###
#..........#
#.####<#.#.#
#.#.#... #.#.. ...#
#.##....... ...
....... ... .......


You could see Jessica (fast).

Vanquished Creatures
  An adder (D:2)
  A dart slug (D:1)
  3 ball pythons
  3 endoplasms (D:1)
  3 giant cockroaches (D:1)
  3 hobgoblins
  2 quokkas
  4 bats
  2 frilled lizards
  A goblin (D:1)
  5 kobolds
  7 rats
35 creatures vanquished.

Notes
Turn   | Place    | Note
-------+----------+-------------------------------------------
     0 | D:1      | Peloso the Minotaur Fighter began the quest for the Orb.
     0 | D:1      | Reached XP level 1. HP: 19/19 MP: 0/0
   185 | D:1      | Reached XP level 2. HP: 13/27 MP: 1/1
   957 | D:2      | Reached XP level 3. HP: 29/33 MP: 2/2
  1251 | D:2      | Noticed Sigmund
  1453 | D:3      | Noticed Jessica
  1471 | D:3      | HP: 1/49 [Jessica/+4 dagger of venom (5)]
  1472 | D:3      | Succumbed to Jessica's poison

Illustrated notes

Levels and vault maps discovered:
D:1:      scummos_arrival_star, layout_basic, minivault_11,
          hangedman_feature_mirror
D:2:      layout_basic, chequers_ecumenical_altar_grove, uniq_sigmund
D:3:      layout_loops_ring, small_statue_intersection, uniq_jessica,
          uniq_grinder

Skill      XL: |  1  2  3 |
---------------+----------+-----
Fighting       | 4 |  4.2
Long Blades    | 3 |  3.2
Armour         | 4 |  4.1
Shields        | 4 |  4.0
Dodging        | |  0.2

Action                   || total
-------------------------++-------
Melee: Long sword        ||    81
       Headbutt          ||     7
  Use: Potion            ||     3
Armor: Scale mail        ||    15
       Chain mail        ||    21
       Plate armour      ||    32
       Skin              ||     4
Dodge: Dodged            ||    23
Block: Buckler           ||    14
